Map: Acropolis LE

Players

Djorn - Winner!

  • Race: Protoss Protoss
  • League: Bronze
  • Spawn Location: 5:00

Greysckol

  • Race: Protoss Protoss
  • Spawn Location: 11:00

VOD

Have the link to the VOD?

Description

Time

  • Played on: Aug. 26, 2019, 6:02 p.m.
  • Length: 6:22
Show
View Real Time Build Order
Export as new Build Order

Djorn Protoss - Winner!

Build Orders:  

Get SALT Encoding   

  12  0:01  Probe  
  13  0:13  Probe  
  14  0:25  Pylon, Probe  
  15  0:41  Probe  
  15  0:49  Probe  
  16  0:55  Gateway  
  17  0:57  Probe  
  18  1:05  Assimilator  
  18  1:10  Probe  
  19  1:11  Assimilator  
  19  1:22  Probe  
  19  1:24  Gateway  
  20  1:30  Pylon  
  20  1:34  Probe  
  21  2:01  Cybernetics Core  
  21  2:05  Probe  
  22  2:15  Gateway x2  
  22  2:18  Probe  
  23  2:29  Pylon  
  23  2:42  Stalker  
  25  2:46  Warp Gate, Stalker  
  27  2:56  Robotics Facility  
  27  3:23  Stalker  
  27  3:24  Stalker  
  27  3:25  Stalker x2  
  35  3:33  Probe  
  36  3:44  Warp Prism  
  36  3:45  Probe  
  39  4:05  Pylon  
  39  4:09  Pylon  
  39  4:13  Pylon  
  39  4:18  Pylon  
  39  4:23  Probe  
  40  4:26  Immortal  
  40  4:35  Probe  
  45  4:44  Stalker x2  
  49  4:51  Zealot  
  51  4:54  Zealot  
  53  5:10  Stalker  
  53  5:11  Stalker  
  53  5:13  Zealot  
  59  5:18  Zealot  
  55  5:47  Zealot  
  55  5:48  Zealot x2  
  61  5:50  Stalker  
Show
View Real Time Build Order
Export as new Build Order

Greysckol Protoss 

Build Orders:  

Get SALT Encoding   

  12  0:01  Probe  
  13  0:17  Pylon  
  13  0:19  Probe  
  14  0:36  Gateway  
  14  0:37  Probe  
  14  0:41  Assimilator  
  15  0:49  Probe  
  16  1:01  Probe, Assimilator  
  17  1:14  Probe  
  18  1:18  Pylon  
  18  1:23  Zealot  
  20  1:31  Probe  
  21  1:50  Zealot  
  23  1:57  Probe  
  24  2:07  Cybernetics Core  
  24  2:10  Probe  
  25  2:18  Zealot, Nexus  
  27  2:27  Pylon  
  27  2:30  Probe  
  28  2:45  Forge  
  28  2:47  Stalker  
  30  3:10  Robotics Facility  
  30  3:12  Stargate  
  30  3:16  Probe  
  31  3:24  Zealot  
  33  3:28  Probe  
  34  3:35  Probe  
  34  3:40  Probe  
  36  3:41  Assimilator  
  36  3:47  Probe  
  37  3:51  Zealot  
  37  3:53  Probe  
  40  3:59  Probe  
  41  4:05  Fleet Beacon  
  41  4:27  Stargate  
  41  4:37  Stalker  
  43  4:48  Photon Cannon  
  43  4:50  Photon Cannon  
  43  4:52  Photon Cannon, Probe  
  44  4:55  Assimilator  
  44  4:57  Probe  
  45  5:04  Probe  
  45  5:05  Anion Pulse-Crystals  
  46  5:09  Probe  
  47  5:16  Probe  
  47  5:18  Stalker  
  50  5:21  Probe  
  51  5:30  Probe  
  52  5:41  Probe  
  52  5:42  Probe  
  44  5:45  Pylon  
  44  5:46  Pylon  
  42  5:55  Probe  
Tags
 
League
Bronze
Matchup
PvP
Replay Pack
sc2replays
Spawn Locations
Cross Positions
Add a new tag
Caveats
  • Supply blocks, unpowered buildings, or Contaminate may cause inaccurate times.
  • Supply counts are checked every 10 seconds.